 Dungeon Crawl Stone Soup version 0.28.0 (webtiles) character file.

Game seed: 10455008098106379212

31 DemonSlayer the Grave Robber (level 3, -3/19 HPs)
             Began as a Deep Elf Necromancer on Feb 6, 2022.
             Slain by a kobold (5 damage)
             ... on level 1 of the Dungeon.
             The game lasted 00:03:45 (2585 turns).

DemonSlayer the Grave Robber (Deep Elf Necromancer) Turns: 2585, Time: 00:03:47

Health: -3/19      AC:  2    Str:  7    XL:     3   Next: 7%
Magic:  10/10      EV: 12    Int: 19    God:
Gold:   64         SH:  0    Dex: 15    Spells: 7/9 levels left

rFire   . . .      SeeInvis .   (no weapon)
rCold   . . .      Faith    .   (no shield)
rNeg    . . .      Spirit   .   a - +0 robe
rPois   .          Reflect  .   (no helmet)
rElec   .          Harm     .   (no cloak)
rCorr   .          Rampage  .   (no gloves)
Will    .....                   (no boots)
Stlth   ++........              (no amulet)
HPRegen 0.06/turn               b - ring of flight
MPRegen 0.12/turn               (no ring)

@: flying
A: no striking features
a: no special abilities


You were on level 1 of the Dungeon.
You visited 1 branch of the dungeon, and saw 2 of its levels.

You collected 64 gold pieces.

Inventory:

Armour
 a - a +0 robe (worn)
Jewellery
 b - a ring of flight (left hand)


   Skills:
 + Level 2.4 Dodging
 + Level 2.4 Stealth
 + Level 3.9 Spellcasting
 + Level 5.5 Necromancy


You had 7 spell levels left.
You knew the following spells:

 Your Spells              Type           Power      Damage    Failure   Level
a - Pain                  Necr           96%        1d8       1%          1
b - Animate Skeleton      Necr           48%        N/A       1%          1

Your spell library contained the following spells:

 Spells                   Type           Power      Damage    Failure   Level
 Vampiric Draining        Necr           24%        2d7       4%          3
 Animate Dead             Necr           12%        N/A       14%         4
 Agony                    Necr           24%        N/A       36%         5


Dungeon Overview and Level Annotations

Branches:
Dungeon (2/15)

Altars:


Message History

The adder closely misses you. The hobgoblin misses you.
The hobgoblin misses you. The adder barely misses you.
A kobold comes into view. It is wielding a +0 short sword.
Found an escape hatch in the ceiling.
The kobold shouts!
A kobold comes into view. It is wielding a +0 whip.
The kobold shouts!
The adder bites you.
Found a trident and 5 gold pieces.
The kobold hits you with a +0 short sword.
There is an escape hatch in the ceiling here.
The kobold closely misses you. A mysterious force pulls you upwards.
The hatch slams shut behind you.
You aren't carrying any potions.
As you read the scroll labelled ECAOSO AMPO, it crumbles to dust.
You hear a loud clanging noise!
It was a scroll of noise.
The hobgoblin closely misses you. The kobold barely misses you.
You hit the kobold but do no damage. The hobgoblin hits you.
* * * LOW HITPOINT WARNING * * *
The kobold hits you with a +0 short sword.
* * * LOW HITPOINT WARNING * * *
You hit the hobgoblin.
The hobgoblin is lightly wounded.
The hobgoblin hits you.
* * * LOW HITPOINT WARNING * * *
The kobold closely misses you.
You barely miss the hobgoblin.
The hobgoblin is lightly wounded.
The hobgoblin closely misses you. The kobold barely misses you.
You hit the hobgoblin.
The hobgoblin is moderately wounded.
The hobgoblin closely misses you. The kobold misses you.
You barely miss the hobgoblin.
The hobgoblin is moderately wounded.
The hobgoblin closely misses you.
The kobold hits you with a +0 short sword.
You die...

###.#...##..##......##..##.......
#.#...##..##......###.##.......
###'#...##..##..........##.......
........##..##...........#.......
........##..##..(........#.......
........##..##)..........#.......
........##.....#####......##.####
###'#######.##.#####....#.##.####
.............#.g@K...............
###.#.###################..#.###.
...................# ##.#.# #.
###.#..............# #...# #.
#.#.#..............# ######..# ##
..#.#..............###.......# #
#.#.#..............'.'......># #
#...#..............###.....### #
#####..............# #.....# #


You could see a hobgoblin and a kobold.

Vanquished Creatures
  An adder (D:2)
  A worm (D:1)
  An endoplasm (D:1)
  4 hobgoblins
  2 kobolds (D:1)
  A quokka (D:1)
  5 ball pythons
  2 bats (D:1)
  A frilled lizard (D:1)
  A goblin (D:2)
  A rat (D:1)
20 creatures vanquished.

Notes
Turn   | Place    | Note
-------+----------+-------------------------------------------
     0 | D:1      | DemonSlayer the Deep Elf Necromancer began the quest for
                  | the Orb.
     0 | D:1      | Reached XP level 1. HP: 10/10 MP: 6/6
   188 | D:1      | Reached skill level 5 in Necromancy
   349 | D:1      | Found a faded altar of an unknown god.
   643 | D:1      | Reached XP level 2. HP: 13/15 MP: 6/8
  1231 | D:2      | Learned a level 1 spell: Animate Skeleton
  2472 | D:2      | Reached XP level 3. HP: 11/19 MP: 5/10
  2585 | D:1      | Slain by a kobold

Illustrated notes

Levels and vault maps discovered:
D:1:      scummos_arrival_checkerplants, layout_basic,
          ebering_ecumenical_altar_petrified
D:2:      layout_basic, basic_altar, chequers_mini_garden, minmay_tetromino_i4

Skill      XL: |  1 |
---------------+----+-----
Necromancy     | 5 |  5.5
Dodging        | |  2.4
Stealth        | |  2.4
Spellcasting   | |  3.9

Action                   || total
-------------------------++-------
Melee: Unarmed           ||     5
 Cast: Pain              ||    47
  Use: Scroll            ||     1
Armor: Robe              ||     7
Dodge: Dodged            ||    34
